 Dungeon Crawl Stone Soup version 0.30-b1-2-g02819fbbbe (webtiles) character file.

Game seed: 12456451327185664310

3049 MackTheKnife the Shield-Bearer (level 9, -3/56 HPs)
             Began as a Gargoyle Cinder Acolyte on May 17, 2023.
             Was a High Priest of Ignis.
             Slain by Amaemon
             ... wielding a +1 demon whip of venom
              (12 damage)
             ... on level 8 of the Dungeon.
             The game lasted 00:11:14 (8132 turns).

MackTheKnife the Shield-Bearer (GrCA)               Turns: 8132, Time: 00:11:15

Health: -3/56      AC: 12    Str: 20    XL:     9   Next: 87%
Magic:  0/15       EV: 10    Int: 19    God:    Ignis [*****.]
Gold:   144        SH:  8    Dex:  7    Spells: 14/16 levels left

rFire   + . .        g - +6 whip "Plog" {heavy, Str+2 Int+2, mace}
rCold   + . .        d - +3 buckler {reflect}
rNeg    + . .        u - +0 leather armour
rPois   ∞            (helmet restricted)
rElec   +            (no cloak)
rCorr   .            (no gloves)
SInv    .            y - +2 pair of boots {Stlth+}
Will    .....        (no amulet)
Stlth   ++++         j - ring of protection from cold
HPRegen 0.29/turn    z - +4 ring of slaying
MPRegen 0.14/turn

%: reflection
@: no status effects
A: sickness immunity, AC +6, negative energy resistance 1, electricity
resistance, torment resistance 1, petrification resistance, horns 1, sense
surroundings 1, no potion heal 1
a: Renounce Religion, Fiery Armour, Foxfire Swarm, Rising Flame


You were on level 8 of the Dungeon.
You worshipped Ignis.
Ignis was extremely pleased with you.
You visited 1 branch of the dungeon, and saw 8 of its levels.

You collected 270 gold pieces.
You spent 126 gold pieces at shops.


Innate Abilities, Weirdness & Mutations

You are immune to sickness and miasma.
Your stone body is resilient. (AC +6)
You are immune to poison.
You resist negative energy. (rN+)
You are resistant to electric shocks. (rElec)
You are resistant to unholy torment.
You are immune to petrification.
You have a pair of small horns on your head.
You passively map a small area around you.
Potions are less effective at restoring your health.


   Skills:
 + Level 6.9 Fighting
 - Level 3.7(4.2) Axes
 - Level 3.3(4.3) Maces & Flails
 - Level 7.0 Stealth
 - Level 7.0 Shields
 - Level 4.4 Spellcasting
 - Level 5.7 Fire Magic


You had 14 spell levels left.
You knew the following spells:

 Your Spells              Type           Power      Damage    Failure   Level
a - Scorch                Fire           52%        2d7       2%          2

Your spell library contained the following spells:

 Spells                   Type           Power      Damage    Failure   Level
 Beastly Appendage        Tmut           8%         N/A       19%         1
 Ignite Poison            Fire/Tmut/Pois 11%        N/A       26%         3
 Wereblood                Tmut           4%         N/A       28%         2
 Ozocubu's Armour         Ice            4%         N/A       50%         3
 Spider Form              Tmut/Pois      4%         N/A       50%         3
 Freezing Cloud           Conj/Ice/Air   2%         6-21      99%         5
 Ozocubu's Refrigeration  Ice            2%         4d7       100%        7
 Cigotuvi's Dreadful Rot  Necr/Pois/Air  Unusable   N/A       N/A         2

Inventory:

Hand Weapons
 g - the +6 whip "Plog" (weapon) {heavy, Str+2 Int+2, mace}
   (You found it on level 3 of the Dungeon)

   Str:       It affects your strength (+2).
   Int:       It affects your intelligence (+2).
 w - the +5 dagger of Fortitude {freeze, rPois rN+++ Dex-4 SInv, short}
   (You found it on level 4 of the Dungeon)

   Dex:       It affects your dexterity (-4).
   rPois:     It protects you from poison.
   rN:        It renders you almost immune to negative energy.
   SInv:      It lets you see invisible.
Armour
 d - a +3 buckler of reflection (worn)
   (You acquired it on level 5 of the Dungeon)
 u - a +0 leather armour (worn)
   (You took it off an orc priest on level 3 of the Dungeon)
 y - a +2 pair of boots of stealth (worn)
   (You found it on level 4 of the Dungeon)
Jewellery
 j - a ring of protection from cold (left hand)
   (You found it on level 2 of the Dungeon)
 z - a +4 ring of slaying (right hand)
   (You acquired it on level 5 of the Dungeon)
 F - a ring of flight
   (You took it off a gnoll on level 7 of the Dungeon)
Wands
 p - a wand of polymorph (9)
   (You took it off Robin on level 3 of the Dungeon)
 q - a wand of flame (53)
   (You took it off a gnoll on level 3 of the Dungeon)
Scrolls
 a - a scroll of magic mapping {unknown}
 b - 3 scrolls of blinking {!r}
 e - 2 scrolls of fog
 f - 2 scrolls of enchant armour
 i - 2 scrolls of immolation {unknown}
 l - 2 scrolls of teleportation {@r4}
 r - a scroll of brand weapon {unknown}
 s - 2 scrolls of poison {unknown}
 t - a scroll of fear {unknown}
 v - a scroll of enchant weapon {unknown}
 B - 2 scrolls of silence {unknown}
 C - a scroll of identify {@r1}
Potions
 c - a potion of flight
 h - a potion of attraction {!q}
 k - 4 potions of degeneration {!q@e2}
 m - a potion of mutation {!q}
 n - 2 potions of curing {@q1}
 o - 4 potions of brilliance
 x - a potion of cancellation {unknown}
 A - a potion of resistance {unknown}
 D - a potion of haste {unknown}
 E - a potion of berserk rage {!q}

Dungeon Overview and Level Annotations

Branches:
Dungeon (8/15) Zot: 26898  Temple (0/1) D:7
   Lair: D:8-11

Altars:
Elyvilon
Okawaru
Qazlal
Sif Muna
Uskayaw
Vehumet
Wu Jian
Yredelemnul
Zin

Shops:
D:5 ?

Portals:
Bailey: D:8

Annotations:
D:3 3 runed translucent doors, 0o0o's ghost, amateur SpEn; Arcadio's ghost, amateur DjFE
D:4 Pikel
D:7 exclusion: 2 centaurs
D:8 Amaemon

.....#..## ,....
.....#..## ...
#........# ..
###...##.# **#,
#......# *,
##......#
#.......#
.#.....###########
............4.s6@#
.!....>####8###8##
.......8∩....s...+
.......##8###8####
.##..............#
. #...<###########
*##.l.., , #.....
##....,


You could see Amaemon (combustible), an orange demon and 2 scorpions.


Message History

Press: ? - help, Shift-Dir - straight line, f - Amaemon
Aim: Amaemon, wielding a +1 demon whip of venom (wandering, hasn't noticed you, will become a hobgoblin, a queen bee, or an elephant, chance to affect: 17%)
Okay, then.
Unknown command.
Aiming: Throw Flame
Press: ? - help, Shift-Dir - straight line, f - Amaemon
Aim: Amaemon, wielding a +1 demon whip of venom (wandering, hasn't noticed you, 60% to hit)
The puff of flame hits Amaemon.
Amaemon shouts!
You hear a screech!
A wyvern comes into view.
Something foul drips from Amaemon's claws.
Amaemon casts a spell at something.
Press: ? - help, v - describe, . - travel
Here: Amaemon, wielding a +1 demon whip of venom (lightly wounded)
The floor.
Okay, then.
Aiming: Throw Flame
Press: ? - help, Shift-Dir - straight line, f/p - Amaemon
Aim: Amaemon, wielding a +1 demon whip of venom (lightly wounded, 60% to hit)
The puff of flame hits Amaemon.
Aiming: Throw Flame
Press: ? - help, Shift-Dir - straight line, f/p - Amaemon
Aim: Amaemon, wielding a +1 demon whip of venom (lightly wounded, 60% to hit)
The puff of flame misses Amaemon.
Aiming: Throw Flame
Press: ? - help, Shift-Dir - straight line, f/p - Amaemon
Aim: Amaemon, wielding a +1 demon whip of venom (lightly wounded, 60% to hit)
The puff of flame misses Amaemon.
Amaemon's eyes glow red.
Casting: Scorch (safe; 2% risk of failure)
Confirm with . or Enter, or press ? or * to list all spells.
You can't see any susceptible monsters within range! (Use Z to cast anyway.) Unknown command.
Aiming: Throw Flame
Press: ? - help, Shift-Dir - straight line, f/p - Amaemon
Aim: Amaemon, wielding a +1 demon whip of venom (lightly wounded, 60% to hit)
The puff of flame hits Amaemon.
Flames lash Amaemon.
Amaemon's fire resistance burns away. 😎 MP[-2]
You lost 2 mp, and now have 13/15 mp.
Flames lash Amaemon.
Amaemon is burned terribly! 😎 MP[-2]
You lost 2 mp, and now have 11/15 mp.
Flames lash Amaemon.
Amaemon is burned terribly!
You block Amaemon's attack. Amaemon claws you!
Amaemon tail-slaps you. 😕 HP[-8] MP[-2]
You take 8 damage, and now have 48/56 hp.
You lost 2 mp, and now have 9/15 mp.
Flames lash Amaemon.
Amaemon is burned terribly!
Amaemon hits you with a +1 demon whip of venom!
Amaemon claws you but does no damage.
You block Amaemon's attack. 😮 HP[-15] MP[-2]
You take 15 damage, and now have 33/56 hp.
MASSIVE DAMAGE!! (PAUSE)
You lost 2 mp, and now have 7/15 mp.
You are too injured to fight recklessly!
You are too injured to fight recklessly!
You are too injured to fight recklessly!
Casting: Scorch (safe; 2% risk of failure)
Confirm with . or Enter, or press ? or * to list all spells.
Flames lash Amaemon.
Amaemon is burned terribly!
You block Amaemon's attack. Amaemon claws you!
* * * LOW HITPOINT WARNING * * *
Amaemon tail-slaps you.
* * * LOW HITPOINT WARNING * * *
😨 HP[-7] MP[-2]
You take 7 damage, and now have 26/56 hp.
You lost 2 mp, and now have 5/15 mp.
Casting: Scorch (safe; 2% risk of failure)
Confirm with . or Enter, or press ? or * to list all spells.
Flames lash Amaemon.
Amaemon is burned terribly!
You hear a screech!
Amaemon mumbles some strange words. 😨 MP[-2]
You lost 2 mp, and now have 3/15 mp.
Casting: Scorch (safe; 2% risk of failure)
Confirm with . or Enter, or press ? or * to list all spells.
Flames lash the scorpion but do no damage.
The orange demon no longer looks unusually toxic.
Amaemon hits you with a +1 demon whip of venom.
* * * LOW HITPOINT WARNING * * *
You block Amaemon's attack.
Amaemon closely misses you. 😨 HP[-6] MP[-1]
You take 6 damage, and now have 20/56 hp.
You lost 1 mp, and now have 2/15 mp.
You whack Amaemon! Amaemon closely misses you.
Amaemon claws you but does no damage. Amaemon tail-slaps you.
* * * LOW HITPOINT WARNING * * *
You block Amaemon's attack. Amaemon claws you!
* * * LOW HITPOINT WARNING * * *
You block Amaemon's attack. 😱 HP[-12]
You take 12 damage, and now have 8/56 hp.
MASSIVE DAMAGE!! (PAUSE)
Casting: Scorch (safe; 2% risk of failure)
Confirm with . or Enter, or press ? or * to list all spells.
Flames lash Amaemon.
Amaemon is burned terribly!
You hear the faint creaking of a portcullis very nearby.
Amaemon hits you with a +1 demon whip of venom!
You die...

Skill      XL: |  1  2  3  4  5  6  7  8  9 |
---------------+----------------------------+-----
Axes           | 3 |  3.7
Spellcasting   | 3 4 |  4.4
Fire Magic     | 4 5 |  5.7
Maces & Flails | 2 3 |  3.3
Fighting       | 4 5 6 |  6.9
Shields        | 7 |  7.0
Stealth        | 7 |  7.0

Action                     |  1- 3 |  4- 6 |  7- 9 || total
---------------------------+-------+-------+-------++-------
  Melee: Hand axe          |   127 |    16 |     8 ||   151
         Punch             |     1 |       |       ||     1
         Headbutt          |       |     1 |    23 ||    24
         Whip              |       |       |   182 ||   182
   Cast: Scorch            |     6 |     3 |   153 ||   162
  Evoke: Wand              |       |       |     7 ||     7
    Use: Potion            |     1 |     2 |       ||     3
         Scroll            |       |     4 |     7 ||    11
   Stab: Sleeping          |       |       |     1 ||     1
 Armour: Robe              |    47 |     4 |    31 ||    82
         Leather armour    |       |       |    93 ||    93
  Dodge: Dodged            |    85 |     5 |   160 ||   250
  Block: Buckler           |       |       |    90 ||    90
         Reflection        |       |       |     1 ||     1

Levels and vault maps discovered:
D:1:      wheals_arrival_shading, layout_basic
D:2:      layout_basic, basic_altar, uniq_sigmund
D:3:      layout_loops_corners, lemuel_coloured_pillars_altar,
          pdpol_wu_jian_five_deadly_venoms, nicolae_overflow_hidden_temple,
          gammafunk_ghost_cemetery, uniq_grinder, uniq_natasha, uniq_jessica,
          uniq_robin
D:4:      layout_gridville, kennysheep_potato, uniq_pikel
D:5:      dreamdust_elfheim, layout_loops_ring, serial_shops, shop_fountains,
          kennysheep_flooded_box
D:6:      layout_basic
D:7:      layout_cave_pools, mainiacjoe_overflow_tiny_flanked,
          mainiacjoe_overflow_six_doors_small,
          minmay_temple_entry_statues_fountains, minivault_26
D:8:      layout_cave_pools, serial_shops, kennysheep_little_box,
          enter_bailey_8, water_boxes_lemuel, uniq_amaemon, uniq_gastronok,
          uniq_erica

Notes
Turn   | Place    | Note
-------+----------+-------------------------------------------
     0 | D:1      | MackTheKnife the Gargoyle Cinder Acolyte began the quest
                  | for the Orb.
     0 | D:1      | Reached XP level 1. HP: 14/14 MP: 2/2
     0 | D:1      | magus.rc [v1.9.6]
   111 | D:1      | Reached skill level 3 in Axes
   114 | D:1      | You add the spells Ignite Poison and Freezing Cloud to your
                  | library.
   207 | D:1      | Reached XP level 2. HP: 8/19 MP: 3/3
   684 | D:1      | Learned a level 2 spell: Scorch
   770 | D:1      | Reached XP level 3. HP: 22/23 MP: 4/4
  1488 | D:2      | Found a shimmering blue altar of Sif Muna.
  1505 | D:2      | Noticed Sigmund
  1513 | D:2      | Killed Sigmund
  1514 | D:2      | Reached skill level 3 in Spellcasting
  1514 | D:2      | Reached skill level 4 in Fire Magic
  1514 | D:2      | Reached XP level 4. HP: 21/28 MP: 1/8
  1514 | D:2      | Reached XP level 5. HP: 25/32 MP: 1/9
  1514 | D:2      | Reached XP level 6. HP: 29/37 MP: 1/10
  1752 | D:2      | Gained mutation: Potions are less effective at restoring
                  | your health. [potion of mutation]
  1752 | D:2      | Gained mutation: You have a pair of small horns on your
                  | head. [potion of mutation]
  1752 | D:2      | Gained mutation: You passively map a small area around you.
                  | [potion of mutation]
  1774 | D:3      | Noticed Grinder
  1778 | D:3      | Paralysed by Grinder for 2 turns
  1784 | D:3      | Killed Grinder
  1785 | D:3      | Reached skill level 4 in Spellcasting
  1785 | D:3      | Reached skill level 5 in Fire Magic
  1950 | D:3      | Found a runed translucent gate.
  1953 | D:3      | Found a runed translucent gate.
  1957 | D:3      | Reached XP level 7. HP: 34/41 MP: 8/13
  2073 | D:3      | Found a runed translucent gate.
  2074 | D:3      | Identified the +6 whip "Plog" {heavy, Str+2 Int+2}
  2074 | D:3      | Noticed Arcadio's ghost (amateur DjFE)
  2076 | D:3      | Noticed 0o0o's ghost (amateur SpEn)
  2131 | D:3      | Noticed Jessica
  2149 | D:3      | Killed Jessica
  2297 | D:3      | Found a stormy altar of Qazlal.
  2299 | D:3      | Found a white marble altar of Elyvilon.
  2431 | D:3      | Noticed Natasha
  2431 | D:3      | Noticed Robin
  2457 | D:3      | Killed Robin
  2467 | D:3      | Killed Natasha
  2557 | D:3      | Reached skill level 1 in Maces & Flails
  2886 | D:3      | Noticed Natasha
  2890 | D:3      | Killed Natasha
  2928 | D:3      | Noticed Natasha
  2933 | D:3      | Killed Natasha
  2934 | D:3      | Reached skill level 4 in Fighting
  3047 | D:3      | Found an ornate altar of the Wu Jian Council.
  3157 | D:3      | Found an iron altar of Okawaru.
  3448 | D:4      | Noticed Pikel
  3656 | D:4      | You pick up a book of Changes and begin reading...
  3656 | D:4      | You add the spells Beastly Appendage, Wereblood and Spider
                  | Form to your library.
  3671 | D:4      | You add the spells Ozocubu's Armour and Ozocubu's
                  | Refrigeration to your library.
  3935 | D:4      | Reached skill level 2 in Maces & Flails
  4048 | D:4      | Identified the +5 dagger of Fortitude {freeze, rPois rN+++
                  | Dex-4 SInv}
  4379 | D:3      | Found a hide-covered altar of Uskayaw.
  4379 | D:3      | Found a basalt altar of Yredelemnul.
  4409 | D:5      | Entered Level 5 of the Dungeon
  4763 | D:5      | Reached XP level 8. HP: 46/48 MP: 3/14
  4902 | D:5      | Reached skill level 5 in Fighting
  4902 | D:5      | Reached skill level 3 in Maces & Flails
  5406 | D:5      | Found Fyufaef's Magic Scroll Shop.
  5414 | D:5      | Bought a scroll of blinking for 90 gold pieces
  5414 | D:5      | Bought a scroll of teleportation for 36 gold pieces
  5414 | D:5      | Identified 2 scrolls of acquirement
  5414 | D:5      | Acquired a +4 ring of slaying
  5417 | D:5      | Acquired a +1 buckler of reflection
  5488 | D:5      | Reached skill level 1 in Shields
  5537 | D:6      | Reached skill level 2 in Shields
  5541 | D:6      | Reached skill level 3 in Shields
  5703 | D:6      | Reached skill level 4 in Shields
  5822 | D:6      | Reached skill level 5 in Shields
  6048 | D:6      | Reached skill level 6 in Shields
  6271 | D:6      | Identified the +4 quarterstaff of Qumm {freeze, rPois rN+
                  | SInv}
  6333 | D:6      | Reached skill level 7 in Shields
  6333 | D:6      | Reached XP level 9. HP: 52/54 MP: 15/15
  6502 | D:6      | Reached skill level 1 in Stealth
  6698 | D:7      | Reached skill level 2 in Stealth
  6799 | D:7      | Reached skill level 3 in Stealth
  6817 | D:7      | Found a glowing silver altar of Zin.
  6879 | D:7      | Found a radiant altar of Vehumet.
  6919 | D:7      | Reached skill level 4 in Stealth
  6927 | D:7      | HP: 10/54 [orc priest/+0 falchion (5)]
  7096 | D:7      | Reached skill level 5 in Stealth
  7283 | D:7      | Reached skill level 6 in Stealth
  7290 | D:7      | Noticed a troll
  7306 | D:7      | HP: 13/54 [killer bee (8)]
  7310 | D:7      | HP: 6/54 [killer bee (3)]
  7315 | D:7      | Reached skill level 7 in Stealth
  7524 | D:7      | Found a staircase to the Ecumenical Temple.
  7580 | D:7      | Reached skill level 6 in Fighting
  7890 | D:7      | Killed a troll
  8032 | D:8      | Noticed an orange demon
  8034 | D:8      | Noticed Amaemon
  8076 | D:8      | Found a flagged portal.
  8131 | D:8      | HP: 8/56 [Amaemon/+1 demon whip of venom (8)]
  8132 | D:8      | Slain by Amaemon

Vanquished Creatures
  A troll (D:7)
  Grinder (D:3)
  Sigmund (D:2)
  A water moccasin (D:6)
  2 orc warriors (D:7)
  A black bear (D:6)
  A sky beast (D:7)
  An ogre (D:5)
  2 lemures (D:4)
  A kobold brigand (D:6)
  2 phantoms
  2 bullfrogs (D:7)
  A gnoll sergeant (D:7)
  4 scorpions
  5 killer bees (D:7)
  2 howler monkeys (D:6)
  5 hounds
  3 orc priests
  A gnoll bouda (D:7)
  A jelly (D:6)
  7 orc wizards
  A sleepcap (D:5)
  Jessica (D:3)
  Natasha (thrice) (D:3)
  3 iguanas
  Robin (D:3)
  15 gnolls
  3 adders
  A worm (D:3)
  A dart slug (D:2)
  22 orcs
  6 ball pythons
  12 endoplasms
  2 giant cockroaches
  14 goblins
  6 hobgoblins
  4 jackals (D:5)
  19 kobolds
  2 quokkas
  6 bats
  A frilled lizard (D:3)
  6 rats
174 creatures vanquished.

Table legend:
 A = Non-vault XP
 B = Vault XP
 C = Vault XP percentage of total XP
 D = Non-vault monster count
 E = Vault monster count
 F = Vault count percentage of total count
                 A         B        C        D         E       F
            +---------+---------+-------+---------+---------+-------
      Total |    3743 |     614 |  14.1 |     156 |      16 |   9.3
            +---------+---------+-------+---------+---------+-------
        D:1 |      35 |       0 |   0.0 |      24 |       0 |   0.0
        D:2 |      41 |     243 |  85.6 |       9 |       1 |  10.0
        D:3 |     303 |     370 |  55.0 |      38 |      14 |  26.9
        D:4 |      69 |       1 |   1.4 |       9 |       1 |  10.0
        D:5 |     427 |       0 |   0.0 |      15 |       0 |   0.0
        D:6 |    1080 |       0 |   0.0 |      26 |       0 |   0.0
        D:7 |    1788 |       0 |   0.0 |      35 |       0 |   0.0
            +---------+---------+-------+---------+---------+-------

Skill      XL: |  1  2  3  4  5  6  7  8  9 |
---------------+----------------------------+-----
Axes           | 3 |  3.7
Spellcasting   | 3 4 |  4.4
Fire Magic     | 4 5 |  5.7
Maces & Flails | 2 3 |  3.3
Fighting       | 4 5 6 |  6.9
Shields        | 7 |  7.0
Stealth        | 7 |  7.0

Action                     |  1- 3 |  4- 6 |  7- 9 || total
---------------------------+-------+-------+-------++-------
  Melee: Hand axe          |   127 |    16 |     8 ||   151
         Punch             |     1 |       |       ||     1
         Headbutt          |       |     1 |    23 ||    24
         Whip              |       |       |   182 ||   182
   Cast: Scorch            |     6 |     3 |   153 ||   162
  Evoke: Wand              |       |       |     7 ||     7
    Use: Potion            |     1 |     2 |       ||     3
         Scroll            |       |     4 |     7 ||    11
   Stab: Sleeping          |       |       |     1 ||     1
 Armour: Robe              |    47 |     4 |    31 ||    82
         Leather armour    |       |       |    93 ||    93
  Dodge: Dodged            |    85 |     5 |   160 ||   250
  Block: Buckler           |       |       |    90 ||    90
         Reflection        |       |       |     1 ||     1

Illustrated notes

Table legend:
 A = Kills in this place as a percentage of kills in the entire game.
 B = Kills by you in this place as a percentage of kills by you in the entire game.
 C = Kills by friends in this place as a percentage of kills by friends in the entire game.
 D = Other kills in this place as a percentage of other kills in the entire game.
 E = Experience gained in this place as a percentage of experience gained in the entire game.
 F = Experience gained in this place divided by the number of levels of this place that you have seen.
                   A       B       C       D       E      F
               +-------+-------+-------+-------+-------+----------------------
         Total | 100.0 | 100.0 |   N/A |   N/A | 100.0 | 544.6
       Dungeon | 100.0 | 100.0 |   N/A |   N/A | 100.0 | 544.6
               +-------+-------+-------+-------+-------+----------------------

Table legend: (Time is in decaauts)
 A = Elapsed time spent in this place.
 B = Non-inter-level travel time spent in this place.
 C = Inter-level travel time spent in this place.
 D = Time resting spent in this place.
 E = Time spent auto-exploring this place.
 F = Levels seen in this place.
 G = Mean time per level.
                   A        B        C        D        E       F      G
               +--------+--------+--------+--------+--------+-----+--------+
         Total |   8250 |   7923 |    327 |    767 |   5820 |   8 | 1031.2 |
       Dungeon |   8250 |   7923 |    327 |    767 |   5820 |   8 | 1031.2 |
               +--------+--------+--------+--------+--------+-----+--------+

Top non-repeatable levels by time:
     D:3: 1625 daAuts
     D:6: 1430 daAuts
     D:7: 1154 daAuts
     D:4: 1095 daAuts
     D:5: 989 daAuts
     D:1: 964 daAuts
     D:2: 911 daAuts
     D:8: 78 daAuts
